 Dungeon Crawl Stone Soup version 0.13.0-25-g43d4df3 (webtiles) character file.

310 Lacuenta the Poker (level 5, -6/46 HPs)
             Began as a Hill Orc Fighter on Oct 28, 2013.
             Mangled by an ogre
             ... wielding a +0,+0 giant club
              (26 damage)
             ... on Level 3 of the Dungeon.
             The game lasted 00:05:55 (1954 turns).

Lacuenta the Poker (Hill Orc Fighter)               Turns: 1954, Time: 00:05:55

HP  -6/46        AC  8     Str 19      XL: 5   Next:  9%
MP   4/4         EV  6     Int 14      God:
Gold 184         SH 19     Dex 10      Spells:  0 memorised,  4 levels left

Res.Fire  : . . .   See Invis. : .   a - +0 orc trident
Res.Cold  : . . .   Warding    : .   b - +0 orc scale mail
Life Prot.: . . .   Conserve   : .   c - +0 orc shield
Res.Poison: .       Res.Corr.  : .   (no helmet)
Res.Elec. : .       Clarity    : .   (no cloak)
Sust.Abil.: . .     Spirit.Shd : .   h - +0 pair of gauntlets
Res.Mut.  : .       Stasis     : .   (no boots)
Res.Rott. : .       Flight     : .   (no amulet)
Saprovore : + . .                    (no ring)
                                     (no ring)

@: brilliant, slightly resistant to hostile enchantments, extremely unstealthy
A: saprovore 1
a: no special abilities


You were on level 3 of the Dungeon.
You were hungry.

You visited 1 branch of the dungeon, and saw 4 of its levels.

You collected 164 gold pieces.

Inventory:

Hand weapons
 a - a +0,+0 orcish trident (weapon)
Armour
 b - a +0 orcish scale mail (worn)
 c - a +0 orcish shield (worn)
 h - a +0 pair of gauntlets (worn)
Magical devices
 u - a wand of lightning (7) {unknown}
Comestibles
 d - a meat ration
 i - 2 bread rations
 r - an apple
Scrolls
 g - 6 scrolls of identify {unknown}
 j - a scroll of fear {unknown}
 k - a scroll of remove curse {unknown}
 l - a scroll of curse jewellery {unknown}
 o - a scroll of random uselessness {unknown}
 p - a scroll of curse weapon {unknown}
 q - a scroll of amnesia {unknown}
 t - a scroll of curse armour {unknown}
Jewellery
 n - an uncursed ring of wizardry {unknown}
Potions
 e - a potion of brilliance
 f - 2 potions of curing
 m - 2 potions of poison


   Skills:
 - Level 4.0 Fighting
 + Level 5.4 Polearms
 - Level 3.2 Armour
 - Level 3.2 Shields


You had 4 spell levels left.
You didn't know any spells.

Dungeon Overview and Level Annotations

Branches:
Dungeon (4/27)
 Temple: D:4-7

Altars:
Xom
Zin


Innate Abilities, Weirdness & Mutations

You can tolerate rotten meat.


Message History

You feel refreshed.
It was a potion of restore abilities.
You climb downwards.
You block the ogre's attack.
There is a stone staircase leading up here.
You puncture the ogre!
The ogre is moderately wounded.
The ogre hits you with a giant club!
You puncture the ogre!
The ogre is heavily wounded.
The ogre barely misses you.
You closely miss the ogre.
The ogre is heavily wounded.
The orc barely misses you. The ogre hits you with a giant club!
You closely miss the ogre.
The ogre is heavily wounded.
You block the orc's attack.
You puncture the ogre!
The ogre is almost dead.
The ogre hits you with a giant club!
Ouch! That really hurt!
You die...

#.#.#......# #...........#######
#.#.#.##.#.###..###......# #
#.#.#.##......(..........#### #
#.#.#.########...#####..#...####
#.#.#.# #............#.....
#.#.#.# #...#####..........
##.#.#.# #...# ##.########
.......# #O..######.# ##..####
#.@........# ##..#
##.o############### #...##
#.....o.........## .###.##
#.#############.#. ## ##.# #.#
#... # #.# #######.####### #..#
## ##.# #.............# ##o.
.###.## #.#####.#####.# ##.
#...## #.# #.# #.# #.


You could see an ogre and an orc.

Vanquished Creatures
  2 worker ants (D:3)
  An adder (D:3)
  A worm (D:3)
  3 giant geckos
  3 giant cockroaches
  12 goblins
  7 hobgoblins
  6 jackals
  7 kobolds
  10 bats
  5 rats
57 creatures vanquished.

Notes
Turn   | Place    | Note
--------------------------------------------------------------
     0 | D:1      | Lacuenta, the Hill Orc Fighter, began the quest for the Orb.
     0 | D:1      | Reached XP level 1. HP: 19/19 MP: 0/0
    81 | D:1      | Reached XP level 2. HP: 26/26 MP: 1/1
   165 | D:1      | Reached skill level 4 in Fighting
   270 | D:1      | Reached XP level 3. HP: 33/33 MP: 2/2
   869 | D:3      | Found a glowing silver altar of Zin.
   869 | D:3      | Noticed an angel
   870 | D:3      | Found a shimmering altar of Xom.
   989 | D:3      | Reached XP level 4. HP: 30/40 MP: 3/3
  1442 | D:4      | Noticed an ogre
  1482 | D:3      | Reached skill level 5 in Polearms
  1482 | D:3      | Reached XP level 5. HP: 29/46 MP: 4/4
  1954 | D:3      | Mangled by an ogre

Action                   |  1- 3 |  4- 6 || total
-------------------------+-------+-------++-------
Melee: Trident           |   116 |    70 ||   186
  Use: Potion            |       |     4 ||     4
